 Dungeon Crawl Stone Soup version 0.26.0-16-gc1dbca0489 (webtiles) character file.

Game seed: 26320931074178713

153 kaeus the Sneak (level 5, 0/31 HPs)
             Began as an Octopode Hedge Wizard on Jan 21, 2021.
             Killed by divine providence
             ... invoked by an orc priest
              (9 damage)
             ... on level 3 of the Dungeon.
             The game lasted 00:05:25 (3760 turns).

kaeus the Sneak (Octopode Hedge Wizard)             Turns: 3760, Time: 00:05:25

Health: 0/31       AC:  1    Str:  9    XL:     5   Next: 35%
Magic:  6/10       EV: 14    Int: 18    God:
Gold:   121        SH:  0    Dex: 11    Spells: 2/10 levels left

rFire    . . .     SeeInvis .   k - +1 dagger (venom)
rCold    . . .     Faith    .   (no shield)
rNeg     . . .     Spirit   .   b - +0 hat
rPois    .         Reflect  .   (no amulet)
rElec    .         Harm     .   (no ring)
rCorr    .         Rampage  .   (no ring)
Will     .....                  (no ring)
Stlth    +++.......             (no ring)
HPRegen  0.10/turn              (no ring)
MPRegen  0.12/turn              (no ring)
                                (no ring)
                                (no ring)

@: no status effects
A: almost no armour, stealthy swim, amphibious, 8 rings, constrict 8, camouflage
1, gelatinous body 1
a: no special abilities


You were on level 3 of the Dungeon.
You visited 1 branch of the dungeon, and saw 3 of its levels.

You collected 121 gold pieces.

Inventory:

Hand Weapons
 k - a +1 dagger of venom (weapon)
Armour
 b - a +0 hat (worn)
Scrolls
 c - 2 scrolls of identify {unknown}
 d - a scroll of remove curse {unknown}
 g - a scroll of teleportation {unknown}
 l - a scroll of enchant armour {unknown}
Potions
 a - a potion of might {unknown}
 e - 2 potions of lignification {unknown}
 f - a potion of haste {unknown}
 h - a potion of cancellation {unknown}
 i - 3 potions of magic {unknown}
 j - 3 potions of curing {unknown}


   Skills:
 + Level 2.8 Dodging
 + Level 4.1 Stealth
 + Level 3.4 Spellcasting
 - Level 2.0 Conjurations
 + Level 2.2 Summonings
 - Level 2.0 Translocations


You had 2 spell levels left.
You knew the following spells:

 Your Spells              Type           Power        Failure   Level
a - Magic Dart            Conj           40%          7%          1
b - Call Imp              Summ           11%          10%         2
c - Slow                  Hex            3%           24%         2
d - Mephitic Cloud        Conj/Pois/Air  5%           34%         3

Your spell library contained the following spells:

 Spells                   Type           Power        Failure   Level
 Blink                    Tloc           N/A          11%         2
 Corona                   Hex            3%           16%         1
 Ensorcelled Hibernation  Hex/Ice        6%           24%         2
 Conjure Flame            Conj/Fire      6%           30%         3
 Dazzling Flash           Conj/Hex       12%          30%         3
 Confusing Touch          Hex            3%           43%         3
 Tukima's Dance           Hex            3%           43%         3


Dungeon Overview and Level Annotations

Branches:
Dungeon (3/15)

Altars:
Kikubaaqudgha
Qazlal
Trog
Zin


Innate Abilities, Weirdness & Mutations

You cannot wear most types of armour.
You are very stealthy in the water. (Stealth+)
You are amphibious.
You can wear up to eight rings at the same time.
You can use your tentacles to constrict eight enemies at once.
Your skin changes colour to match your surroundings (Stealth+).
Your rubbery body absorbs attacks. (AC +1, EV +1)


Message History

You take 7 damage, and have 16/31 hp.
MASSIVE DAMAGE!!
You barely miss the orc. Your grab misses the orc.
The orc is moderately wounded.
The orc closely misses you.
You hit the orc but do no damage.
The orc looks as sick as possible!
Your grab misses the orc.
The orc is heavily wounded.
You kill the orc!
You closely miss the orc. You grab the orc. You squeeze the orc.
The orc is moderately wounded.
You constrict the orc.
The orc priest looks braver for a moment.
The orc hits you with a +0 dagger!
* * * LOW HITPOINT WARNING * * *
You take 7 damage, and have 9/31 hp.
MASSIVE DAMAGE!!
You hit the orc.
You kill the orc!
The orc priest calls down the wrath of Beogh upon you.
Beogh smites you!
You die...

... # ..# #' #.#
... #.# ....
####.# .....
##.##.#
.....o####...#.#
....o.)o)@.....#
......####...#.#
..... ##.##.#
.... ####.# ...
#.# #' #.# #.
#.# #.#
########.# ##.##
#..).....#


You could see an orc priest and 2 orcs.

Vanquished Creatures
  Natasha (twice) (D:3)
  Robin (D:3)
  An adder (D:2)
  3 worms
  A dart slug (D:1)
  3 leopard geckos
  4 orcs (D:3)
  10 bats
  3 giant cockroaches
  11 goblins
  8 hobgoblins
  4 jackals (D:1)
  A quokka (D:2)
  2 frilled lizards (D:2)
  9 kobolds
  A rat (D:1)
64 creatures vanquished.

Notes
Turn   | Place    | Note
-------+----------+-------------------------------------------
     0 | D:1      | kaeus the Octopode Hedge Wizard began the quest for the
                  | Orb.
     0 | D:1      | Reached XP level 1. HP: 11/11 MP: 4/4
   178 | D:1      | Reached XP level 2. HP: 17/17 MP: 4/6
   319 | D:1      | Reached skill level 3 in Stealth
   671 | D:1      | Learned a level 2 spell: Call Imp
   674 | D:1      | Learned a level 2 spell: Slow
   747 | D:1      | Reached XP level 3. HP: 20/21 MP: 0/7
  1596 | D:2      | Found an ancient bone altar of Kikubaaqudgha.
  1629 | D:2      | Found a stormy altar of Qazlal.
  1630 | D:2      | Found a bloodstained altar of Trog.
  1632 | D:2      | Found a glowing silver altar of Zin.
  2082 | D:2      | Reached XP level 4. HP: 5/27 MP: 1/8
  2578 | D:2      | Learned a level 3 spell: Mephitic Cloud
  2774 | D:3      | Noticed Natasha
  2782 | D:3      | Killed Natasha
  3251 | D:3      | Noticed Robin
  3263 | D:3      | Killed Robin
  3274 | D:3      | Reached XP level 5. HP: 9/31 MP: 2/10
  3712 | D:3      | Noticed Natasha
  3715 | D:3      | Killed Natasha
  3716 | D:3      | Reached skill level 4 in Stealth
  3760 | D:3      | Killed from afar by an orc priest

Illustrated notes

Levels and vault maps discovered:
D:1:      tarquinn_simple_flora_water_d, layout_basic, minivault_4
D:2:      layout_basic, minitemple, hangedman_decor_lopped
D:3:      layout_loops_corners, evilmike_ruin_ashenzari, uniq_robin,
          uniq_natasha

Skill      XL: |  1  2  3  4  5 |
---------------+----------------+-----
Stealth        | 3 4 |  4.1
Translocations | 2 |  2.0
Summonings     | 2 |  2.2
Conjurations   | 2 |  2.0
Dodging        | |  2.8
Spellcasting   | |  3.4

Action                   |  1- 3 |  4- 6 || total
-------------------------+-------+-------++-------
Melee: Dagger            |    52 |    47 ||    99
       Constrict         |    12 |    15 ||    27
       Tentacles         |     8 |    10 ||    18
 Cast: Magic Dart        |    78 |    31 ||   109
 Stab: Sleeping          |     2 |       ||     2
Armor: Skin              |     4 |     1 ||     5
Dodge: Dodged            |    36 |    16 ||    52
